 Dungeon Crawl Stone Soup version 0.30.0-3-ga4e48a9924 (webtiles) character file.

Game seed: 1239556105489743189

182 browni3141 the Ruffian (level 5, -5/42 HPs)
             Began as a Ghoul Conjurer on May 7, 2023.
             Slain by an iguana (13 damage)
             ... on level 4 of the Dungeon.
             The game lasted 00:05:05 (3026 turns).

browni3141 the Ruffian (Ghoul Conjurer)             Turns: 3026, Time: 00:05:05

Health: -5/42      AC:  2    Str: 11    XL:     5   Next: 61%
Magic:  5/8        EV: 11    Int: 15    God:
Gold:   103        SH:  0    Dex:  7    Spells: 3/9 levels left

rFire   . . .        o - +2 dagger (venom)
rCold   + + .        (no shield)
rNeg    + + +        a - +0 robe
rPois   ∞            (no helmet)
rElec   .            (no cloak)
rCorr   .            (no gloves)
SInv    .            (no boots)
Will    .....        (no amulet)
Stlth   ++           P - ring of protection from cold
HPRegen 0.00/turn    (no ring)
MPRegen 0.11/turn

%: no passive effects
@: inhibited regen
A: claws 1, cold resistance 1, negative energy resistance 3, inhibited
regeneration, torment resistance 2, devour on kill
a: no special abilities


You were on level 4 of the Dungeon.
You visited 1 branch of the dungeon, and saw 4 of its levels.

You collected 103 gold pieces.

Inventory:

Hand Weapons
 o - a +2 dagger of venom (weapon)
 Y - a +2 hand axe of flaming
Missiles
 J - 2 atropa-tipped darts
 X - 20 poisoned darts
Armour
 a - a +0 robe (worn)
 N - a +0 cloak
Jewellery
 P - a ring of protection from cold (left claw)
Scrolls
 q - 2 scrolls of fog {unknown}
 r - a scroll of identify
 H - a scroll of enchant armour {unknown}
 L - 2 scrolls of teleportation {unknown}
 U - 2 scrolls of noise {unknown}
 V - a scroll of summoning {unknown}
 W - a scroll of immolation {unknown}
Potions
 m - a potion of magic
 F - 4 potions of flight
 G - a potion of resistance {unknown}
 I - a potion of degeneration {unknown}
 K - a potion of haste {unknown}
 M - a potion of might
 O - 3 potions of curing {unknown}
 Q - 2 potions of mutation {unknown}
 R - a potion of brilliance {unknown}
 S - a potion of cancellation {unknown}
 T - 3 potions of heal wounds {unknown}
 Z - a potion of berserk rage {unknown}


   Skills:
 + Level 2.3 Fighting
 - Level 1.7 Dodging
 - Level 2.1 Stealth
 * Level 3.9 Unarmed Combat
 * Level 2.7 Spellcasting
 - Level 3.2 Conjurations
 * Level 0.3 Ice Magic


You had 3 spell levels left.
You knew the following spells:

 Your Spells              Type           Power      Damage    Failure   Level
a - Magic Dart            Conj           44%        1d5       5%          1
o - Ozocubu's Armour      Ice            3%         N/A       47%         3
r - Searing Ray           Conj           22%        2d5       9%          2

Your spell library contained the following spells:

 Spells                   Type           Power      Damage    Failure   Level
 Static Discharge         Conj/Air       12%        2-3/arc   16%         2
 Summon Small Mammal      Summ           8%         N/A       21%         1
 Dazzling Flash           Conj/Hex       12%        N/A       32%         3
 Fulminant Prism          Conj/Hex       3%         3d5       71%         4
 Iskenderun's Mystic Bla  Conj/Tloc      6%         2d4       71%         4
 Airstrike                Air            1%         2d(1-17)  90%         4
 Summon Lightning Spire   Summ/Air       2%         N/A       90%         4
 Ozocubu's Refrigeration  Ice            1%         4d7       100%        7


Dungeon Overview and Level Annotations

Branches:
Dungeon (4/15)
 Temple: D:4-7

Altars:


Innate Abilities, Weirdness & Mutations

You are immune to poison.
You have sharp fingernails.
Your flesh is cold resistant. (rC+)
You are immune to negative energy. (rN+++)
You do not regenerate when monsters are visible.
You are immune to unholy pain and torment.
You thrive by killing the living.


Message History

The helpless orc fails to defend itself.
You hit the orc.
The orc is heavily wounded.
The orc closely misses you.
You closely miss the orc.
The orc is heavily wounded.
The orc barely misses you.
You barely miss the orc.
The orc is heavily wounded.
The orc closely misses you.
You hit the orc but do no damage.
The orc is poisoned.
You claw the orc.
You kill the orc!
No target in view!
This spell is quite dangerous to cast!
Memorise Ozocubu's Armour, consuming 3 spell levels and leaving 3?
You start memorising the spell.
You continue memorising. x3
You finish memorising.
Spell assigned to 'o'.
An adder comes into view.
The adder hisses angrily.
You see here 4 stones.
The adder barely misses you.
You hit the adder.
The adder is poisoned.
The adder is moderately wounded.
The adder barely misses you.
You hit the adder.
The adder looks as sick as possible!
You claw the adder.
You kill the adder!
No target in view!
You see here an adder corpse.
A hobgoblin comes into view.
The hobgoblin shouts!
The hobgoblin closely misses you.
You hit the hobgoblin but do no damage.
The hobgoblin is poisoned.
The hobgoblin hits you but does no damage.
You hit the hobgoblin.
The hobgoblin looks as sick as possible!
The hobgoblin is severely wounded.
The hobgoblin barely misses you.
You barely miss the hobgoblin.
The hobgoblin is severely wounded.
You kill the hobgoblin!
No target in view!
A quokka comes into view.
You hit the quokka.
The quokka is poisoned.
The quokka is moderately wounded.
The quokka barely misses you.
You hit the quokka.
The quokka is heavily wounded.
The quokka closely misses you.
You hit the quokka.
You kill the quokka!
You see here a quokka corpse.
A goblin and an adder come into view.
The goblin shouts!
You hear an angry hiss.
You hear a shout!
A hobgoblin comes into view.
The hobgoblin shouts!
You hear an angry hiss.
An iguana comes into view.
The adder hisses angrily.
You hit the goblin but do no damage.
The goblin is poisoned.
The goblin hits you with a +0 club.
You miss the goblin.
The goblin is heavily wounded.
The adder closely misses you. The goblin barely misses you.
You hit the goblin.
You kill the goblin!
You hear the slow hiss of an avalanche of sand nearby.
The adder closely misses you.
You barely miss the adder. Your claw misses the adder.
The adder bites you but does no damage.
You hit the adder.
The adder is poisoned.
The adder is moderately wounded.
The adder bites you. x2
The adder barely misses you. The adder attacks as you move away!
The adder bites you.
You completely miss the adder.
The adder is heavily wounded.
The adder bites you. The adder barely misses you.
You closely miss the adder. Your claw misses the adder.
The adder is almost dead.
The adder misses you.
You closely miss the iguana. The adder bites you. The iguana bites you!
You hit the iguana.
The iguana is poisoned.
The iguana is lightly wounded.
You kill the adder!
The iguana bites you!
* * * LOW HITPOINT WARNING * * *
Casting: Magic Dart (safe; 5% risk of failure)
Confirm with . or Enter, or press ? or * to list all spells.
Aiming: Searing Ray (safe; 9% risk of failure)
Press: ? - help, Shift-Dir - straight line, f - iguana
Aim: an iguana (lightly wounded, very poisoned, 79% to hit)
The searing ray hits the iguana.
The iguana is moderately wounded. (Press . to maintain the ray.)
The hobgoblin hits you.
* * * LOW HITPOINT WARNING * * *
The iguana bites you but does no damage.
The searing ray hits the iguana!
The iguana is severely wounded.
The iguana bites you!
You die...

........†#..........
##.#.##.....#...# .#
#.#..##.##..⌠..##.#
# ##. #.##.#†.....#
.##.##......###
....#####...# .####
#...# #...#####
.###..@#...##.#.
.......lg.)......
..............).?
.................
..#.........####.
###.#....####
#.#....# # #....#
#....#


You could see an iguana (very poisoned) and a hobgoblin.

Vanquished Creatures
  An orc priest (D:3)
  A gnoll (D:2)
  8 adders
  A worm (D:3)
  5 orcs
  5 bats
  5 endoplasms
  2 giant cockroaches
  6 goblins
  8 hobgoblins
  A quokka (D:4)
  3 ball pythons
  A frilled lizard (D:2)
  13 kobolds
  3 rats
63 creatures vanquished.

Notes
Turn   | Place    | Note
-------+----------+-------------------------------------------
     0 | D:1      | browni3141 the Ghoul Conjurer began the quest for the Orb.
     0 | D:1      | Reached XP level 1. HP: 14/14 MP: 2/2
   268 | D:1      | Reached XP level 2. HP: 3/23 MP: 3/3
   846 | D:1      | Learned a level 2 spell: Searing Ray
   938 | D:2      | Reached XP level 3. HP: 24/28 MP: 4/4
  1083 | D:2      | Found a faded altar of an unknown god.
  1092 | D:2      | Reached skill level 3 in Unarmed Combat
  1100 | D:2      | Got Plato's Vademecum on Bringing Forth
  1196 | D:2      | Reached XP level 4. HP: 36/36 MP: 4/6
  2240 | D:3      | Reached XP level 5. HP: 23/41 MP: 1/7
  2975 | D:4      | Learned a level 3 spell: Ozocubu's Armour
  3026 | D:4      | Slain by an iguana

Illustrated notes

Levels and vault maps discovered:
D:1:      dpeg_arrival_round_b, layout_basic, minmay_misc_feat_square,
          interstate_on_off
D:2:      layout_loops_ring, shapermc_ecumenical_altar_rom_forum,
          minmay_increasing_density
D:3:      corexii_shack_village, layout_basic, chequers_serial_rivers_small_3,
          grunt_ministairs_11, skrybe_limestone_x, kennysheep_another_room,
          hangedman_decor_growths
D:4:      layout_loops_cross, nicolae_qazlal_general_emergency, enter_ossuary_4,
          st_stairs_3, hangedman_decor_push, hangedman_feature_mirror

Skill      XL: |  1  2  3  4 |
---------------+-------------+-----
Fighting       | 1 2 |  2.3
Unarmed Combat | 1 2 3 |  3.9
Spellcasting   | 2 |  2.7
Dodging        | |  1.7
Stealth        | |  2.1
Conjurations   | |  3.2
Ice Magic      | |  0.3

Action                     |  1- 3 |  4- 6 || total
---------------------------+-------+-------++-------
  Melee: Dagger            |    83 |   106 ||   189
         Punch             |       |     2 ||     2
   Cast: Magic Dart        |     6 |    13 ||    19
         Searing Ray       |       |     3 ||     3
    Use: Scroll            |       |     2 ||     2
   Stab: Sleeping          |     4 |     3 ||     7
 Armour: Robe              |    19 |    10 ||    29
  Dodge: Dodged            |    49 |    57 ||   106
